Map: Lost and Found LE

Players

TheWagon

  • Race: Zerg Zerg
  • Spawn Location: 7:00

harstem - Winner!

  • Race: Protoss Protoss
  • Spawn Location: 1:00

Event: WCS Montreal 2018

VOD

Have the link to the VOD?

Description

Time

  • Played on: Sept. 7, 2018, 2:07 p.m.
  • Length: 14:41

All games in this series

Show
View Real Time Build Order
Export as new Build Order

TheWagon Zerg 

Build Orders: Hatch First, Lurkers 

Get SALT Encoding   

  12  0:00  Drone  
  13  0:12  Overlord  
  13  0:17  Drone  
  14  0:31  Drone x2  
  14  0:34  Drone  
  17  0:52  Hatchery  
  17  0:56  Drone  
  17  0:59  Drone  
  17  1:02  Extractor  
  17  1:07  Drone  
  18  1:17  Spawning Pool  
  17  1:20  Drone  
  18  1:28  Drone  
  19  1:42  Drone  
  20  1:50  Drone  
  21  2:00  Drone  
  22  2:01  Hatchery  
  22  2:04  Metabolic Boost  
  22  2:07  Drone  
  22  2:15  Queen  
  22  2:21  Drone x2  
  26  2:24  Zergling x2  
  26  2:26  Zergling x2  
  28  2:32  Overlord  
  28  2:50  Queen  
  30  2:53  Zergling x2  
  30  2:55  Drone x3  
  30  2:57  Drone  
  35  3:05  Drone  
  35  3:09  Overlord  
  35  3:12  Queen  
  36  3:13  Queen, Overlord  
  36  3:17  Drone  
  41  3:22  Drone  
  41  3:24  Overlord  
  42  3:30  Drone x3  
  42  3:31  Drone x2  
  42  3:33  Spore Crawler  
  46  3:36  Spore Crawler  
  45  3:41  Drone  
  45  3:43  Drone  
  45  3:44  Spore Crawler  
  45  3:45  Drone  
  47  3:49  Drone x2  
  47  3:52  Drone  
  50  3:58  Drone x2  
  50  3:59  Extractor, Drone x2  
  53  4:05  Roach Warren  
  52  4:16  Lair  
  52  4:19  Extractor  
  52  4:22  Drone x2, Overlord  
  52  4:23  Overlord  
  53  4:25  Queen  
  53  4:26  Drone x2  
  53  4:30  Drone, Overlord  
  57  4:46  Roach x5  
  57  4:47  Roach  
  69  4:56  Overlord  
  69  4:57  Roach x3  
  75  5:00  Extractor  
  75  5:02  Extractor, Roach x2  
  75  5:05  Zergling x6  
  80  5:16  Overlord  
  80  5:17  Zergling x4  
  80  5:18  Zergling x8  
  80  5:21  Glial Reconstitution  
  86  5:32  Roach x2  
  90  5:37  Drone  
  90  5:38  Drone, Roach x3  
  90  5:39  Overlord  
  98  5:50  Overlord  
  98  5:51  Overlord  
  98  5:55  Overlord x2  
  98  6:02  Overseer  
  98  6:06  Roach x4  
  98  6:08  Overlord  
  106  6:16  Roach x3  
  112  6:18  Zergling x2  
  112  6:19  Zergling x4  
  110  6:33  Drone x6  
  110  6:34  Drone  
  115  6:53  Zergling x14  
  122  6:55  Ravager  
  122  6:56  Ravager x6  
  122  6:57  Ravager x3  
  122  6:59  Zergling x2  
  122  7:00  Zergling x2  
  134  7:10  Zergling x2  
  134  7:11  Zergling x10  
  139  7:16  Zergling x2  
  139  7:17  Zergling x4  
  138  7:26  Zergling x8  
  138  7:27  Zergling x6  
  136  7:32  Zergling x2  
  114  7:45  Zergling x10  
  103  7:53  Zergling x6  
  103  7:54  Zergling x4  
  94  8:05  Zergling x8  
  90  8:09  Hydralisk Den  
  90  8:11  Evolution Chamber  
  86  8:13  Zergling x8  
  86  8:16  Roach x5  
  86  8:19  Roach  
  100  8:24  Drone  
  93  8:38  Zergling x8  
  93  8:40  Roach x5  
  101  8:42  Roach x3  
  101  8:47  Zerg Missile Weapons Level 1  
  99  8:52  Drone x3  
  99  8:53  Drone x2  
  96  9:03  Hydralisk x3  
  96  9:07  Ravager x7  
  96  9:08  Ravager  
  110  9:19  Hydralisk  
  110  9:20  Hydralisk x3  
  118  9:29  Hydralisk x3  
  124  9:37  Drone x4  
  124  9:38  Drone x3  
  131  9:57  Hatchery  
  131  9:58  Ravager x4  
  131  9:59  Zergling x6  
  137  10:00  Overlord  
  137  10:01  Overlord  
  136  10:14  Hydralisk x2  
  136  10:19  Hydralisk x4  
  125  10:29  Hydralisk x2  
  125  10:30  Hydralisk  
  125  10:33  Hydralisk  
  124  10:36  Zergling x10  
  124  10:42  Drone x5  
  126  10:43  Drone x2  
  109  10:58  Extractor  
  109  11:03  Muscular Augments  
  103  11:05  Hydralisk x2  
  103  11:06  Hydralisk x3  
  113  11:14  Roach x5  
  123  11:25  Roach x6  
  135  11:26  Roach  
  136  11:37  Zerg Missile Weapons Level 2  
  134  11:41  Zergling x14  
  134  11:45  Drone  
  134  11:46  Drone x4  
  146  11:48  Zergling x4  
  146  11:49  Zergling x4  
  146  11:53  Drone x3  
  146  11:54  Drone  
  154  12:06  Overlord x2  
  154  12:10  Baneling Nest  
  154  12:13  Lurker Den  
  152  12:17  Zergling x6  
  152  12:18  Zergling x2  
  123  12:31  Hydralisk x9  
  123  12:35  Hydralisk x2  
  112  12:41  Extractor  
  111  12:45  Grooved Spines  
  111  12:46  Drone x2  
  113  13:01  Hydralisk x4  
  113  13:02  Hydralisk x6  
  133  13:14  Centrifical Hooks  
  133  13:17  Hatchery  
  132  13:25  Extractor  
  131  13:27  Zergling x4  
  131  13:28  Zergling x10  
  131  13:30  Baneling x3  
  131  13:31  Baneling x5  
  138  13:37  Queen  
  138  13:40  Lurker x3  
  138  13:41  Lurker  
  144  13:46  Drone x5  
  149  13:50  Hydralisk x3  
  149  13:51  Hydralisk  
  157  13:56  Zergling x6  
  157  13:57  Zergling x4  
  162  14:05  Drone x2  
  162  14:06  Drone x2  
  162  14:08  Lurker x3  
Show
View Real Time Build Order
Export as new Build Order

harstem Protoss - Winner!

Build Orders: 1 Gate Expand, Phoenix Opening, Chargelot Immortal, Mass Adepts 

Get SALT Encoding   

  12  0:01  Probe  
  13  0:13  Probe  
  14  0:17  Pylon  
  14  0:25  Probe  
  15  0:33  Probe  
  15  0:38  Gateway  
  15  0:41  Probe  
  16  0:47  Assimilator  
  17  0:51  Probe  
  18  1:03  Probe  
  19  1:15  Probe  
  20  1:23  Nexus  
  20  1:34  Cybernetics Core  
  20  1:37  Probe  
  21  1:44  Assimilator  
  21  1:50  Probe  
  21  1:52  Pylon  
  22  2:02  Adept, Probe  
  23  2:13  Warp Gate  
  23  2:14  Probe  
  26  2:25  Stargate  
  26  2:26  Probe  
  27  2:30  Adept  
  27  2:33  Probe  
  30  2:38  Probe  
  30  2:41  Probe  
  31  2:50  Probe x2  
  34  2:59  Adept  
  34  3:00  Phoenix  
  34  3:02  Probe x2  
  38  3:12  Gateway  
  40  3:14  Probe  
  40  3:15  Probe  
  42  3:20  Gateway  
  42  3:27  Twilight Council  
  42  3:28  Probe  
  42  3:29  Probe  
  44  3:37  Pylon  
  44  3:40  Probe  
  45  3:44  Resonating Glaives  
  45  3:45  Probe  
  45  3:47  Pylon  
  47  3:55  Probe  
  47  3:57  Pylon, Probe  
  48  4:04  Assimilator  
  48  4:06  Assimilator  
  48  4:07  Probe  
  49  4:13  Probe  
  49  4:17  Adept x3  
  52  4:19  Probe  
  57  4:24  Pylon  
  57  4:25  Probe  
  58  4:32  Probe  
  58  4:33  Robotics Facility  
  58  4:37  Adept x3  
  65  4:48  Probe  
  66  4:59  Adept x3  
  70  5:01  Nexus  
  70  5:05  Probe  
  70  5:06  Pylon  
  71  5:07  Probe  
  71  5:09  Immortal  
  71  5:13  Pylon  
  76  5:21  Sentry  
  76  5:24  Probe  
  76  5:25  Probe, Sentry  
  82  5:31  Robotics Facility  
  80  5:36  Probe  
  80  5:37  Probe  
  80  5:40  Immortal  
  82  5:48  Probe  
  82  5:49  Probe  
  88  5:58  Forge  
  88  5:59  Gateway  
  88  6:00  Probe  
  88  6:01  Probe  
  88  6:02  Oracle  
  93  6:11  Pylon  
  93  6:13  Probe  
  93  6:16  Probe  
  93  6:18  Probe  
  96  6:20  Zealot x2  
  96  6:21  Zealot  
  96  6:24  Charge  
  96  6:25  Immortal  
  100  6:34  Immortal  
  100  6:38  Protoss Ground Weapons Level 1  
  102  6:40  Probe  
  102  6:41  Shield Battery  
  102  6:44  Pylon  
  102  6:46  Probe  
  107  6:51  Assimilator  
  107  6:52  Probe  
  107  6:54  Templar Archives  
  107  6:56  Assimilator  
  107  6:59  Pylon  
  109  7:05  Immortal, Zealot x4  
  115  7:09  Shield Battery  
  119  7:19  Shield Battery  
  113  7:25  Pylon  
  113  7:27  Sentry x2  
  113  7:28  Zealot x2  
  116  7:30  Void Ray  
  116  7:31  Immortal  
  104  7:43  Immortal  
  102  7:49  Probe  
  102  7:50  Zealot x3  
  103  7:51  Probe  
  96  8:00  Probe  
  96  8:03  Probe  
  81  8:07  Probe  
  81  8:09  Immortal  
  81  8:11  Adept x3  
  80  8:12  Probe  
  80  8:15  Oracle  
  76  8:21  Probe  
  72  8:28  Probe  
  72  8:31  Adept x3  
  72  8:33  Probe  
  65  8:48  Probe  
  65  8:50  Immortal  
  65  8:52  Adept x3  
  75  8:55  Probe  
  75  8:56  Probe  
  75  9:00  Probe  
  78  9:07  Pylon  
  78  9:08  Probe  
  80  9:10  Gateway  
  80  9:12  Probe  
  80  9:14  Oracle  
  80  9:17  Assimilator  
  80  9:19  High Templar  
  80  9:20  High Templar  
  84  9:28  Archon  
  87  9:33  Probe  
  87  9:34  Gateway, Probe  
  87  9:36  Psionic Storm  
  90  9:42  Pylon  
  90  9:47  Gateway  
  89  9:54  Immortal  
  89  9:55  High Templar x2  
  89  9:59  Probe  
  98  10:02  Shield Battery  
  98  10:07  Archon  
  87  10:18  Zealot x2  
  83  10:22  Immortal  
  83  10:32  Zealot x3  
  77  10:39  Immortal  
  73  10:45  Probe  
  73  10:46  Probe x2  
  76  10:51  Zealot x2  
  76  10:56  Probe  
  78  11:00  Probe  
  78  11:03  Probe  
  81  11:04  Probe  
  81  11:07  High Templar  
  81  11:08  High Templar  
  86  11:12  High Templar x2, Archon, Probe  
  86  11:15  Shield Battery, Probe  
  86  11:16  Probe  
  86  11:18  Pylon, Archon  
  94  11:22  Sentry  
  94  11:24  Probe  
  98  11:26  Observer  
  98  11:28  Probe  
  98  11:30  Probe  
  101  11:36  Probe  
  100  11:40  High Templar  
  100  11:41  High Templar x2, Immortal  
  110  11:55  High Templar  
  110  11:57  Pylon  
  110  11:58  Sentry  
  110  11:59  Immortal, Pylon  
  114  12:08  Zealot  
  115  12:11  Immortal  
  119  12:16  Zealot x3  
  115  12:31  Archon  
  115  12:32  Archon  
  103  12:38  Immortal, Zealot  
  103  12:39  Zealot x4  
  117  12:54  High Templar, Nexus  
  117  12:57  Phoenix, Forge  
  116  13:00  Shield Battery  
  116  13:02  Warp Prism, High Templar x4  
  128  13:17  Pylon x2  
  128  13:18  Probe  
  129  13:25  Immortal  
  129  13:34  High Templar x2, Zealot  
  135  13:39  Archon  
  135  13:40  Zealot  
  141  13:49  Zealot x2  
  145  14:00  High Templar x2  
  153  14:04  Archon  
  153  14:07  Zealot x2  
  133  14:28  Archon  
  133  14:29  Zealot x4  
  133  14:30  Archon  
  127  14:33  Zealot x2  
Tags
 
Add a new tag
Caveats
  • Supply blocks, unpowered buildings, or Contaminate may cause inaccurate times.
  • Supply counts are checked every 10 seconds.